details: 'strange 2v3 rush'

« prev index next »

General information

Mini Map

Players

team 1
Random» NightElfMETOWERMETOWER (yellow | 56 APM | 354 actions | 06:17)
Hero icon 2 Keeper of the Grove
Ability icon 1 Entangling Roots
Ability icon 1 Thorns Aura
Hero icon 2 Priestess of the Moon
Ability icon 1 Trueshot Aura
Ability icon 1 Scout

» actions
Assign group hotkey7
Build / train55
Enter build submenu15
Enter hero's abilities submenu4
Remove unit from queue5
Right click88
Select / deselect112
Select group hotkey50
Use ability18
354 total
» units
Wisp14
Ghoul11
Archer13
38 total
» buildings
Moon Well5
Altar of Elders2
Ziggurat2
Crypt1
Ancient of War3
Tree of Ages3
16 total
» build order
00:13 Moon Well
00:20 Moon Well
00:22 Altar of Elders
00:34 Ziggurat
00:47 Crypt
01:00 Altar of Elders
01:16 Ziggurat
01:37 Ancient of War
01:40 Ancient of War
01:52 Moon Well
01:58 Ancient of War
02:49 Moon Well
03:06 Moon Well
06:12 Tree of Ages
06:17 Tree of Ages
UndeadImBlackFoRizzle (teal | 65 APM | 409 actions | 06:18)
Hero icon 4 Death Knight
Ability icon 2 Death Coil
Ability icon 2 Unholy Aura

» actions
Assign group hotkey5
Basic commands11
Build / train32
Enter build submenu18
Enter hero's abilities submenu4
Remove unit from queue1
Right click121
Select / deselect141
Select group hotkey56
Use ability20
409 total
» units
Acolyte3
Ghoul2
Wisp5
Archer4
Crypt Fiend2
16 total
» upgrades
Creature Attack1
Creature Carapace1
2 total
» buildings
Altar of Darkness1
Ziggurat4
Crypt1
Graveyard2
Ancient of War1
Nerubian Tower4
Tomb of Relics1
Moon Well2
Spirit Tower1
Halls of the Dead1
18 total
» build order
00:07 Altar of Darkness
00:10 Ziggurat
00:37 Crypt
00:58 Graveyard
01:13 Ancient of War
01:33 Nerubian Tower
01:42 Tomb of Relics
02:11 Moon Well
02:39 Nerubian Tower
03:14 Ziggurat
03:52 Nerubian Tower
04:06 Spirit Tower
04:26 Ziggurat
04:44 Moon Well
05:12 Halls of the Dead
05:15 Ziggurat
06:07 Nerubian Tower
06:09 Graveyard
» items
Rod of Necromancy1
1 total
NightElfkilleur2.0 (orange | 57 APM | 12 actions | 00:12)

» actions
Enter build submenu1
Right click4
Select / deselect7
12 total
UndeadMoreJarJar (green | 52 APM | 19 actions | 00:22)

» actions
Build / train3
Enter build submenu2
Right click7
Select / deselect6
Use ability1
19 total
» units
Acolyte3
3 total
» buildings
Altar of Darkness1
1 total
» build order
00:11 Altar of Darkness
team 2
NightElffrensis (blue | 58 APM | 355 actions | 06:07)
Hero icon 2 Keeper of the Grove
Ability icon 1 Entangling Roots
Ability icon 1 Thorns Aura
Hero icon 2 Archmage
Ability icon 1 Blizzard
Ability icon 1 Brilliance Aura

» actions
Assign group hotkey7
Basic commands5
Build / train34
Enter build submenu21
Enter hero's abilities submenu5
Remove unit from queue3
Right click107
Select / deselect104
Select group hotkey37
Use ability32
355 total
» units
Wisp7
Peasant5
Archer5
Footman6
23 total
» buildings
Moon Well3
Altar of Elders1
Farm9
Ancient of War2
Barracks2
Lumber Mill1
Scout Tower3
Arcane Vault1
Guard Tower1
Blacksmith1
Keep1
Tree of Ages1
Hunter's Hall1
Town Hall1
28 total
» build order
00:22 Moon Well
00:37 Altar of Elders
00:40 Farm
00:40 Farm
00:55 Ancient of War
01:19 Barracks
01:26 Lumber Mill
01:28 Farm
01:45 Moon Well
01:53 Scout Tower
01:55 Scout Tower
02:14 Arcane Vault
02:23 Ancient of War
02:30 Scout Tower
02:39 Farm
03:00 Guard Tower
03:04 Blacksmith
03:23 Farm
03:23 Farm
03:50 Keep
04:06 Tree of Ages
04:16 Moon Well
04:32 Barracks
04:38 Farm
04:38 Farm
04:39 Farm
04:47 Hunter's Hall
05:11 Town Hall
HumanShamanSemen (pink | 14 APM | 7 actions | 00:30)

» actions
Build / train2
Right click3
Select / deselect2
7 total
» units
Peasant2
2 total
OrcWaY2SiK (red | 32 APM | 200 actions | 06:16)
Hero icon 1 Blademaster
Ability icon 1 Wind Walk

» actions
Build / train22
Enter build submenu9
Enter hero's abilities submenu1
Right click78
Select / deselect78
Use ability12
200 total
» units
Peon9
Peasant3
Grunt5
Footman1
18 total
» upgrades
Melee Weapons1
1 total
» buildings
Orc Burrow4
Altar of Storms1
Altar of Kings1
War Mill1
Barracks1
Guard Tower1
9 total
» build order
00:23 Orc Burrow
00:39 Altar of Storms
01:02 Altar of Kings
01:20 War Mill
01:45 Barracks
03:04 Guard Tower
03:18 Orc Burrow
04:43 Orc Burrow
05:49 Orc Burrow
NightElfMaxyss (purple | 27 APM | 171 actions | 06:13)
Hero icon 1 Demon Hunter
Ability icon 1 Immolation

» actions
Assign group hotkey5
Basic commands1
Build / train29
Enter build submenu10
Enter hero's abilities submenu1
Right click38
Select / deselect61
Select group hotkey10
Use ability16
171 total
» units
Wisp11
Archer12
Huntress3
26 total
» buildings
Altar of Elders1
Moon Well4
Ancient of War1
Altar of Kings1
Tree of Ages1
Hunter's Hall1
9 total
» build order
00:06 Altar of Elders
00:16 Moon Well
00:27 Ancient of War
00:39 Altar of Kings
02:16 Moon Well
03:15 Moon Well
03:55 Tree of Ages
04:16 Moon Well
04:25 Hunter's Hall

Chat log

(00:15 / Allies) ImBlackFoRizzle: units holmes?
(00:15 / All) MoreJarJar: WTF
(00:17 / All) MoreJarJar: FUCK
(00:18 / All) MoreJarJar: FUCK
(00:19 / All) ShamanSemen: wtf noobs
(00:20 / All) MoreJarJar: FUCK

(02:22 / Allies) METOWERMETOWER: rush
(02:26 / Allies) ImBlackFoRizzle: yeah
(03:24 / Allies) METOWERMETOWER: rdy?
(03:30 / Allies) ImBlackFoRizzle: yeah

(06:11 / Allies) ImBlackFoRizzle: gj